 Dungeon Crawl Stone Soup version 0.27-a0-223-ge082b6e869 (webtiles) character file.

Game seed: 3111334579446114280

140 lunkers the Digger (level 5, -1/28 HPs)
             Began as a Kobold Earth Elementalist on Feb 1, 2021.
             Was an Initiate of Vehumet.
             Blown up by Ijyb (29 damage)
             ... with a mindburst bolt
             ... on level 3 of the Dungeon.
             The game lasted 00:03:02 (3052 turns).

lunkers the Digger (Kobold Earth Elementalist)      Turns: 3052, Time: 00:03:03

Health: -1/28      AC:  3    Str:  5    XL:     5   Next: 47%
Magic:  7/10       EV: 15    Int: 17    God:    Vehumet [......]
Gold:   134        SH:  0    Dex: 16    Spells: 10/11 levels left

rFire    . . .     SeeInvis .   (weapon restricted)
rCold    . . .     Faith    .   (shield restricted)
rNeg     . . .     Spirit   .   c - +0 robe
rPois    .         Reflect  .   (no helmet)
rElec    .         Harm     .   (no cloak)
rCorr    .         Rampage  .   (no gloves)
Will     .....                  k - +0 pair of boots
Stlth    +++.......             (no amulet)
HPRegen  0.09/turn              (no ring)
MPRegen  0.12/turn              (no ring)

@: no status effects
A: small, nightstalker 3
a: Renounce Religion


You were on level 3 of the Dungeon.
You worshipped Vehumet.
Vehumet was noncommittal.
You visited 1 branch of the dungeon, and saw 3 of its levels.

You collected 134 gold pieces.

Inventory:

Missiles
 b - 6 stones
Armour
 c - a +0 robe (worn)
 k - a +0 pair of boots (worn)
Scrolls
 a - 3 scrolls of identify {unknown}
 d - a scroll of amnesia {unknown}
 g - a scroll of teleportation {unknown}
 i - 2 scrolls of remove curse
Potions
 e - a potion of flight {unknown}
 f - 4 potions of curing {unknown}
 h - a potion of brilliance {unknown}
 j - 2 potions of haste {unknown}


   Skills:
 - Level 2.4 Dodging
 - Level 2.6 Stealth
 + Level 3.5 Spellcasting
 - Level 1.0 Transmutations
 * Level 5.0 Earth Magic


You had 10 spell levels left.
You knew the following spells:

 Your Spells              Type           Power        Failure   Level
a - Sandblast             Erth           40%          1%          1

Your spell library contained the following spells:

 Spells                   Type           Power        Failure   Level
 Passwall                 Tmut/Erth      10%          8%          2
 Stone Arrow              Conj/Erth      22%          19%         3
 Petrify                  Tmut/Erth      13%          43%         4
 Lee's Rapid Deconstruct  Erth           10%          50%         5


Dungeon Overview and Level Annotations

Branches:
Dungeon (3/15)

Altars:
Makhleb
Vehumet

Annotations:
D:3 Ijyb


Innate Abilities, Weirdness & Mutations

You are small and have problems with some larger weapons.
You are completely attuned to the shadows.


Message History

Casting: Sandblast (safe; 1% risk of failure)
Confirm with . or Enter, or press ? or * to list all spells.
The blast of sand hits Ijyb.
Ijyb is lightly wounded.
Ijyb shouts!
Ijyb zaps a wand.
You barely resist.
Unknown command.
Casting: Sandblast (safe; 1% risk of failure)
Confirm with . or Enter, or press ? or * to list all spells.
The blast of sand hits Ijyb but does no damage.
Ijyb is lightly wounded.
Ijyb zaps a wand.
You barely resist.
Unknown command.
Casting: Sandblast (safe; 1% risk of failure)
Confirm with . or Enter, or press ? or * to list all spells.
The blast of sand hits Ijyb but does no damage.
Ijyb is lightly wounded.
Ijyb zaps a wand.
Your mind is blasted!
Ouch! That really hurt!
You die...

#########
#.......####
#.####.##.......#
.g..@..).<##.##.#
#.####.#..##)##.#####
#.#..#..........
#..........#####
###..^.....#
#####.#### #.# #.#
#'# #


You could see Ijyb.

Vanquished Creatures
  7 adders (D:2)
  A gnoll (D:1)
  3 worms (D:2)
  4 dart slugs
  A ball python (D:1)
  6 bats
  2 giant cockroaches
  2 goblins (D:3)
  9 hobgoblins
  8 kobolds
  2 quokkas
  3 frilled lizards
  7 rats
55 creatures vanquished.

Notes
Turn   | Place    | Note
-------+----------+-------------------------------------------
     0 | D:1      | lunkers the Kobold Earth Elementalist began the quest for
                  | the Orb.
     0 | D:1      | Reached XP level 1. HP: 10/10 MP: 3/3
   255 | D:1      | Reached XP level 2. HP: 15/15 MP: 1/5
   575 | D:1      | Reached XP level 3. HP: 19/19 MP: 4/6
  1383 | D:2      | Reached skill level 4 in Earth Magic
  1386 | D:2      | Reached XP level 4. HP: 11/24 MP: 0/8
  1818 | D:2      | Found a burning altar of Makhleb.
  1925 | D:2      | Reached XP level 5. HP: 28/28 MP: 5/9
  2311 | D:2      | Found a radiant altar of Vehumet.
  2456 | D:2      | Became a worshipper of Vehumet
  2745 | D:3      | Reached skill level 5 in Earth Magic
  3048 | D:3      | Noticed Ijyb
  3052 | D:3      | Blown up by Ijyb

Illustrated notes

Levels and vault maps discovered:
D:1:      dpeg_arrival_signposts, layout_loops_corners
D:2:      layout_basic, general_overflow_altar, vehumet_crystals
D:3:      kennysheep_goblin_castle, layout_loops_corners, led_xom_imps,
          nemelex_xobeh_ov_fountains_minmay, uniq_ijyb, uniq_jessica

Skill      XL: |  1  2  3  4  5 |
---------------+----------------+-----
Earth Magic    | 4 5 |  5.0
Spellcasting   | 3 |  3.5
Dodging        | |  2.4
Stealth        | |  2.6
Transmutations | |  1.0

Action                   |  1- 3 |  4- 6 || total
-------------------------+-------+-------++-------
 Cast: Sandblast         |    41 |    56 ||    97
  Use: Scroll            |       |     1 ||     1
Armor: Robe              |     2 |       ||     2
Dodge: Dodged            |     4 |     4 ||     8

Table legend: (Time is in decaauts)
 A = Elapsed time spent in this place.
 B = Non-inter-level travel time spent in this place.
 C = Inter-level travel time spent in this place.
 D = Time resting spent in this place.
 E = Time spent auto-exploring this place.
 F = Levels seen in this place.
 G = Mean time per level.
                   A        B        C        D        E       F      G
               +--------+--------+--------+--------+--------+-----+--------+
         Total |   3050 |   2950 |    100 |     70 |   2612 |   3 | 1016.7 |
       Dungeon |   3050 |   2950 |    100 |     70 |   2612 |   3 | 1016.7 |
               +--------+--------+--------+--------+--------+-----+--------+

Top non-repeatable levels by time:
     D:1: 1364 daAuts
     D:2: 1347 daAuts
     D:3: 338 daAuts
